 Dungeon Crawl Stone Soup version 0.29.1-13-g9f3cf754e1 (webtiles) character file.

Game seed: 8540030527281898282

9226 FexLirch the Thaumaturge (level 11, 0/74 HPs)
             Began as a Djinni Conjurer on Jan 19, 2023.
             Was an Elder of Makhleb.
             Killed by an exploding fulminant prism (45 damage)
             ... on level 9 of the Dungeon.
             The game lasted 00:26:16 (9347 turns).

FexLirch the Thaumaturge (Djinni Conjurer)          Turns: 9347, Time: 00:26:16

Health: 0/74       AC: 14    Str:  6    XL:     11   Next: 70%
Gold:   408        EV: 10    Int: 36    God:    Makhleb [****..] SH:  0 Dex: 12

rFire   + + +      SeeInvis +   y - staff of air
rCold   x . .      Faith    .   (no shield)
rNeg    . . .      Spirit   .   k - +7 ring mail of Hepliaklqana's Hope {Rampage rF++ SInv}
rPois   ∞          Reflect  .   (no helmet)
rElec   +          Harm     .   N - +0 cloak
rCorr   .          Rampage  +   e - +0 pair of gloves
Will    +....                   (boots unavailable)
Stlth   +.........              (no amulet)
HPRegen 0.22/turn               q - +6 ring of intelligence
MPRegen 0.00/turn               j - +6 ring of intelligence

@: flying
A: sickness immunity, fire resistance 2, cold vulnerability 1, float, innate
caster, HP casting, extra vitality 1
a: Renounce Religion, Minor Destruction, Lesser Servant of Makhleb, Major
Destruction


You were on level 9 of the Dungeon.
You worshipped Makhleb.
Makhleb was greatly pleased with you.
You visited 2 branches of the dungeon, and saw 10 of its levels.
You also visited: Sewer.

You collected 408 gold pieces.

Inventory:

Hand Weapons
 t - a +1 flail of protection
 A - a +2 falchion of holy wrath
 U - a +3 hand axe of electrocution
Missiles
 Q - a throwing net
Armour
 a - a +0 robe
 e - a +0 pair of gloves (worn)
 k - the +7 ring mail of Hepliaklqana's Hope (worn) {Rampage rF++ SInv}
   (You found it on level 2 of the Dungeon)

   rF:        It greatly protects you from fire.
   SInv:      It lets you see invisible.
   Rampage:   It bestows one free step when moving towards enemies.
 N - a +0 cloak (worn)
 P - +0 acid dragon scales
Magical Staves
 y - a staff of air (weapon)
Jewellery
 i - a ring of resist corrosion
 j - a +6 ring of intelligence (right hand)
 q - a +6 ring of intelligence (left hand)
 w - a +4 ring of protection
 L - a ring of protection from fire
Wands
 C - a wand of light (7)
 E - a wand of charming (4)
 V - a wand of polymorph (1)
Scrolls
 c - 8 scrolls of identify {unknown}
 h - 2 scrolls of vulnerability {unknown}
 l - 4 scrolls of fog {unknown}
 m - a scroll of immolation {unknown}
 n - a scroll of summoning {unknown}
 o - a scroll of enchant armour {unknown}
 p - a scroll of amnesia {unknown}
 r - 2 scrolls of magic mapping {unknown}
 D - a scroll of poison {unknown}
 H - 4 scrolls of teleportation {unknown}
 K - 3 scrolls of enchant weapon {unknown}
 M - a scroll of noise {unknown}
 O - a scroll of brand weapon {unknown}
 R - a scroll of blinking {unknown}
 S - a scroll of torment {unknown}
Potions
 b - a potion of magic {unknown}
 d - 5 potions of brilliance {unknown}
 f - a potion of invisibility {unknown}
 g - a potion of might {unknown}
 s - 2 potions of lignification {unknown}
 u - 2 potions of attraction {unknown}
 v - 3 potions of mutation {unknown}
 x - 5 potions of curing {unknown}
 z - 3 potions of heal wounds {unknown}
 B - 2 potions of ambrosia {unknown}
 F - 3 potions of haste {unknown}
 G - 2 potions of resistance {unknown}
 I - 2 potions of cancellation {unknown}
 J - a potion of degeneration {unknown}
 T - a potion of flight {unknown}


   Skills:
 + Level 4.5 Fighting
 + Level 5.6 Dodging
 - Level 1.5 Stealth
 + Level 12.9 Spellcasting


You had 7 spell levels left.
You knew the following spells:

 Your Spells              Type           Power      Damage    Failure   Level
a - Magic Dart            Conj           100%       1d8       1%          1
b - Searing Ray           Conj           100%       2d8       1%          2
c - Dazzling Flash        Conj/Hex       100%       N/A       1%          3
d - Fulminant Prism       Conj/Hex       43%        3d20      1%          4
e - Iskenderun's Mystic   Conj/Tloc      86%        2d17      1%          4
f - Slow                  Hex            100%       N/A       1%          1
g - Blink                 Tloc           100%       N/A       1%          2
h - Confusing Touch       Hex            86%        N/A       1%          3
i - Anguish               Hex/Necr       43%        N/A       1%          4
j - Hailstorm             Conj/Ice       86%        3d17      1%          4
Your spell library was empty.

Dungeon Overview and Level Annotations

Branches:
Dungeon (9/15)             Temple (1/1) D:6            Lair (0/5) D:8
  Sewer (visited)
    Orc: D:9-12

Altars:
Elyvilon
Makhleb
Okawaru
Uskayaw

Shops:
D:9 :


Innate Abilities, Weirdness & Mutations

You are immune to sickness and miasma.
You are immune to poison.
Your flesh is very heat resistant. (rF++)
You are vulnerable to cold. (rC-)
You float through the air rather than walking.
You learn spells naturally, not from books.
Your magical power is your life essence.
You have superior vitality. (+4 MHP)


Message History

The blast of energy engulfs Erolcha!!
Erolcha is moderately wounded.
Casting: Fulminant Prism (safe; 1% risk of failure)
Confirm with . or Enter, or press ? or * to list all spells.
Aiming: Fulminant Prism (safe; 1% risk of failure)
Press: ? - help, Dir - move target, p - Erolcha You conjure a prism of explosive energy!
A fulminant prism comes into view.
Casting: Fulminant Prism (safe; 1% risk of failure)
Confirm with . or Enter, or press ? or * to list all spells.
Aiming: Fulminant Prism (safe; 1% risk of failure)
Press: ? - help, Dir - move target You conjure a prism of explosive energy!
A fulminant prism comes into view.
Your fulminant prism crackles loudly.
Casting: Fulminant Prism (safe; 1% risk of failure)
Confirm with . or Enter, or press ? or * to list all spells.
Aiming: Searing Ray (safe; 1% risk of failure)
Press: ? - help, Shift-Dir - straight line, f - Erolcha
Aim: Erolcha, wielding a +0 giant spiked club and wearing a +0 robe (moderately wounded, ally target, 90% to hit)
Okay, then.
Unknown command.
Unknown command.
Casting: Searing Ray (safe; 1% risk of failure)
Confirm with . or Enter, or press ? or * to list all spells.
You erupt in a blast of force!
The mystic blast hits Erolcha!!
Erolcha is severely wounded.
Erolcha is knocked back by the mystic blast.
Your fulminant prism explodes!
The blast of energy engulfs Erolcha!!
You kill Erolcha!
Makhleb accepts your kill.
You feel better.
Your fulminant prism crackles loudly.
Unknown command.
Unknown command.
Your fulminant prism explodes!
The blast of energy engulfs you!!!
Ouch! That really hurt!
You die...

........# ####'######
#####+### #.).# ###.####
#####+### #....#
........# #######.###
........#######..........
.....).)##...............
.......)##.####..........
....)..)@..# #..........
........#### #..........
........# #.....(....
######### #..........
###########


There were no monsters in sight!

Vanquished Creatures
  Erolcha (D:9)
  2 two-headed ogres
  3 death yaks
  Maggie (D:8)
  Sigmund (D:5)
  A wraith (D:9)
  7 yaks (D:8)
  Menkaure (D:7)
  A steam dragon (D:9)
  2 water moccasins (D:8)
  An ice beast (D:7)
  2 sky beasts (D:7)
  5 orc warriors
  A black bear (D:6)
  3 ogres
  2 centaurs
  2 phantoms
  Blork the orc (D:5)
  A kobold brigand (D:7)
  4 bullfrogs
  A gnoll sergeant (D:8)
  3 scorpions (D:6)
  10 wights
  4 killer bees
  A howler monkey (D:9)
  A jelly (D:7)
  4 orc priests
  Crazy Yiuf (D:6)
  A gnoll bouda (D:6)
  3 hounds
  2 iguanas
  8 orc wizards
  A hell rat (D:8)
  6 gnolls
  8 adders
  7 river rats
  A shadow imp (D:8)
  An ufetubus (D:6)
  A worm (D:3)
  4 dart slugs
  38 orcs
  13 bats
  10 endoplasms
  4 giant cockroaches
  2 goblins
  8 hobgoblins
  2 jackals (D:1)
  5 quokkas
  9 ball pythons
  10 frilled lizards
  12 kobolds
  18 rats
241 creatures vanquished.

Vanquished Creatures (others)
  A kobold (D:7)
  39 fulminant prisms
40 creatures vanquished.

Grand Total: 281 creatures vanquished

Notes
Turn   | Place    | Note
-------+----------+-------------------------------------------
     0 | D:1      | FexLirch the Djinni Conjurer began the quest for the Orb.
     0 | D:1      | FexLirch set off with the following spells memorised: Magic
                  | Dart, Searing Ray, Dazzling Flash, Fulminant Prism,
                  | Iskenderun's Mystic Blast.
     0 | D:1      | Reached XP level 1. HP: 15/15 MP: 0/0
   288 | D:1      | Reached XP level 2. HP: 15/21 MP: 0/0
   743 | D:1      | Reached XP level 3. HP: 17/25 MP: 0/0
   743 | D:1      | Learned a level 1 spell: Slow
  1141 | D:1      | Reached skill level 4 in Spellcasting
  2000 | D:2      | Reached XP level 4. HP: 29/31 MP: 0/0
  2006 | D:2      | Identified the +7 ring mail of Hepliaklqana's Hope {Rampage
                  | rF++ SInv}
  2114 | D:2      | Found a faded altar of an unknown god.
  2645 | D:3      | Reached XP level 5. HP: 29/35 MP: 0/0
  2645 | D:3      | Learned a level 2 spell: Blink
  3054 | D:3      | Found a white marble altar of Elyvilon.
  3076 | D:3      | Found a burning altar of Makhleb.
  3089 | D:3      | Became a worshipper of Makhleb the Destroyer
  3519 | D:4      | Reached skill level 5 in Spellcasting
  3909 | D:5      | Entered Level 5 of the Dungeon
  3909 | D:5      | Noticed Sigmund
  4016 | D:5      | Noticed a phantom
  4026 | D:5      | Killed a phantom
  4027 | D:5      | Reached XP level 6. HP: 31/40 MP: 0/0
  4132 | D:5      | Noticed an ogre
  4138 | D:5      | Killed an ogre
  4153 | D:5      | Noticed Blork the orc
  4159 | D:5      | Killed Sigmund
  4159 | D:5      | Killed Blork the orc
  4160 | D:5      | Reached skill level 6 in Spellcasting
  4160 | D:5      | Reached XP level 7. HP: 27/45 MP: 0/0
  4160 | D:5      | Learned a level 3 spell: Confusing Touch
  4890 | D:6      | Reached skill level 7 in Spellcasting
  4891 | D:6      | Reached XP level 8. HP: 41/50 MP: 0/0
  5008 | D:6      | Found a hide-covered altar of Uskayaw.
  5040 | D:6      | Reached * piety under Makhleb
  5141 | D:6      | Found a glowing drain.
  5290 | Sewer    | Entered a sewer
  5476 | Sewer    | Reached ** piety under Makhleb
  5711 | D:6      | Found a staircase to the Ecumenical Temple.
  5732 | Temple   | Entered the Ecumenical Temple
  5802 | D:6      | Reached skill level 8 in Spellcasting
  6051 | D:6      | Found a runed translucent door.
  6052 | D:6      | Noticed Crazy Yiuf
  6060 | D:6      | Killed Crazy Yiuf
  6185 | D:7      | Found an iron altar of Okawaru.
  6396 | D:7      | Reached skill level 9 in Spellcasting
  6396 | D:7      | Reached XP level 9. HP: 51/55 MP: 0/0
  6396 | D:7      | Learned a level 4 spell: Anguish
  6721 | D:7      | Noticed Menkaure
  6728 | D:7      | Killed Menkaure
  6977 | D:7      | Reached skill level 10 in Spellcasting
  7646 | D:8      | Noticed a two-headed ogre
  7713 | D:8      | Reached *** piety under Makhleb
  7714 | D:8      | Noticed a death yak
  7714 | D:8      | Noticed a death yak
  7715 | D:8      | Noticed a death yak
  7722 | D:8      | Reached XP level 10. HP: 43/60 MP: 0/0
  7752 | D:7      | Killed a death yak
  7753 | D:7      | Reached skill level 11 in Spellcasting
  8052 | D:8      | Killed a two-headed ogre
  8064 | D:8      | Killed a death yak
  8065 | D:8      | Reached skill level 12 in Spellcasting
  8265 | D:8      | Killed a death yak
  8266 | D:8      | Reached XP level 11. HP: 57/65 MP: 0/0
  8266 | D:8      | Learned a level 4 spell: Hailstorm
  8333 | D:8      | Reached skill level 1 in Fighting
  8340 | D:8      | Reached **** piety under Makhleb
  8354 | D:8      | Noticed Maggie
  8358 | D:8      | Killed Maggie
  8601 | D:8      | Found a staircase to the Lair.
  8971 | D:9      | Noticed a two-headed ogre
  8974 | D:9      | Killed a two-headed ogre
  9107 | D:9      | Found Kumipo's Tremendous Tomes.
  9223 | D:9      | Reached skill level 5 in Dodging
  9338 | D:9      | Noticed Erolcha
  9346 | D:9      | Killed Erolcha
  9347 | D:9      | Killed by an exploding fulminant prism

Illustrated notes

Levels and vault maps discovered:
D:1:      wander_arrival_peaceful_grave, layout_basic, roderic_lattice_a
D:2:      layout_rooms, chequers_ecumenical_altar_twisty, minivault_5,
          minmay_diced_spiral
D:3:      layout_rooms, mainiacjoe_overflow_swirl,
          minmay_misc_feat_secret_circle
D:4:      layout_loops_ring
D:5:      layout_rooms, grunt_ministairs_11, dk_vineyard_1, uniq_blork_the_orc,
          uniq_sigmund
D:6:      layout_cave_pools, mainiacjoe_overflow_alcove_2,
          minmay_temple_entry_mist, portal_sewer_entry_e,
          kennysheep_generic_room_9, uniq_crazy_yiuf_cottage
D:7:      layout_cave_pods, okawaru_trees_1, grunt_ministairs_9, uniq_menkaure
D:8:      nicolae_cairo_tiling_large, layout_cave_pools, dpeg_lair_monsters,
          kennysheep_generic_room_7, uniq_maggie
D:9:      layout_roguey, lemuel_coloured_pillars_altar,
          nicolae_shop_i_like_big_books, uniq_erolcha
Temple:   regret_index_temple_sphere_string

Skill      XL: |  1  2  3  4  5  6  7  8  9 10 11 |
---------------+----------------------------------+-----
Spellcasting   | 4 5 6 7 9 10 12 | 12.9
Fighting       | 4 |  4.5
Dodging        | 5 |  5.6
Stealth        | |  1.5

Action                   |  1- 3 |  4- 6 |  7- 9 | 10-12 || total
-------------------------+-------+-------+-------+-------++-------
Melee: Flail             |       |       |     2 |       ||     2
       Staff             |       |       |    12 |     3 ||    15
 Cast: Magic Dart        |    71 |    80 |    54 |     6 ||   211
       Searing Ray       |     2 |     5 |    36 |    24 ||    67
       Slow              |       |     6 |     5 |     3 ||    14
       Fulminant Prism   |       |     4 |    15 |    20 ||    39
       Blink             |       |       |     6 |     1 ||     7
       Iskenderun's Myst |       |       |     9 |    25 ||    34
       Anguish           |       |       |     1 |     1 ||     2
       Confusing Touch   |       |       |     1 |       ||     1
       Hailstorm         |       |       |       |     6 ||     6
Armor: Robe              |     2 |     1 |       |       ||     3
       Ring mail         |       |     2 |    48 |    23 ||    73
Dodge: Dodged            |     3 |       |    31 |     8 ||    42
